 Dungeon Crawl Stone Soup version 0.31-a0-369-g8eba5f6939 (webtiles) character file.

Game seed: 17057757009895063252

155411 bjtr the Earth Mage (level 17, -13/100 HPs)
             Began as a Gargoyle Earth Elementalist on July 28, 2023.
             Was a High Priest of Vehumet.
             Mangled by a nagaraja
             ... wielding a +0 club
              (15 damage)
             ... on level 4 of the Snake Pit.
             The game lasted 03:18:22 (33734 turns).

bjtr the Earth Mage (Gargoyle Earth Elementalist)  Turns: 33734, Time: 03:18:25

Health: -13/100    AC: 34    Str: 25    XL:     17   Next: 65%
Magic:  25/35      EV: 15    Int: 22    God:    Vehumet [*****.]
Gold:   2054       SH:  0    Dex: 10    Spells: 4/45 levels left

rFire   . . .        a - +6 double sword (freeze)
rCold   . . .        m - +1 kite shield {AC+3}
rNeg    + . .        S - +0 troll leather armour
rPois   ∞            F - +2 helmet {SInv}
rElec   +            H - +2 cloak
rCorr   .            Z - +2 pair of gloves of Purpose {rPois rC- Str+3 Stlth+}
SInv    +            q - +2 pair of boots of Greed {rC+ SInv}
Will    +....        f - amulet of regeneration
Stlth   ++           h - ring of the Good {EV+5 Str+2}
HPRegen 1.96/turn    j - +6 ring of strength
MPRegen 0.24/turn

%: no passive effects
@: confused, ambrosia-drunk, flying, slightly contaminated, constricted
A: sickness immunity, AC +12, big wings, negative energy resistance 1,
electricity resistance, torment resistance 1, petrification resistance
a: Renounce Religion


You were on level 4 of the Snake Pit.
You worshipped Vehumet.
Vehumet was extremely pleased with you.
You visited 5 branches of the dungeon, and saw 27 of its levels.
You also visited: Gauntlet.

You collected 2449 gold pieces.
You spent 395 gold pieces at shops.

Inventory:

Hand Weapons
 a - a +6 double sword of freezing (weapon)
 X - a +3 scimitar of flaming
Missiles
 e - 3 atropa-tipped darts
 l - 12 boomerangs of dispersal
 s - 5 silver javelins
 B - 5 curare-tipped darts (quivered)
 T - 4 datura-tipped darts
Armour
 m - a +1 kite shield of protection (worn)
 q - the +2 pair of boots of Greed (worn) {rC+ SInv}
   (You bought it in a shop on level 4 of the Dungeon)

   rC:        It protects you from cold.
   SInv:      It lets you see invisible.
 r - a +0 buckler
 F - a +2 helmet of see invisible (worn)
 H - a +2 cloak (worn)
 S - a +0 troll leather armour (worn)
 Z - the +2 pair of gloves of Purpose (worn) {rPois rC- Str+3 Stlth+}
   (You found it on level 13 of the Dungeon)

   Str:       It affects your strength (+3).
   rC:        It makes you vulnerable to cold.
   rPois:     It protects you from poison.
   Stlth:     It makes you more stealthy.
Jewellery
 f - an amulet of regeneration (around neck)
 g - a ring of protection from fire
 h - the ring of the Good (left hand) {EV+5 Str+2}
   (You found it in a Gauntlet)

   [ring of evasion]

   EV:        It affects your evasion (+5).
   Str:       It affects your strength (+2).
 j - a +6 ring of strength (right hand)
Wands
 d - a wand of flame (120)
 t - a wand of iceblast (17)
 v - a wand of digging (11)
 y - a wand of polymorph (23)
 A - a wand of charming (8)
 W - a wand of mindburst (11)
Scrolls
 k - 2 scrolls of fear
 o - a scroll of revelation
 x - 5 scrolls of teleportation
 L - a scroll of torment
 N - 2 scrolls of blinking
 O - 7 scrolls of identify
 Q - a scroll of amnesia
 U - 3 scrolls of vulnerability
 Y - a scroll of fog
Potions
 b - a potion of mutation
 c - 5 potions of might
 n - 5 potions of resistance
 p - a potion of invisibility
 E - a potion of haste
 G - 2 potions of ambrosia
 I - 3 potions of curing
 K - 3 potions of brilliance
 R - 4 potions of enlightenment
Miscellaneous
 i - a lightning rod (4/4)
 w - a phial of floods
 z - a sack of spiders
 V - a tin of tremorstones (2/2)


   Skills:
 * Level 9.5 Fighting
 - Level 1.4(7.9) Short Blades
 + Level 12.1(12.2) Long Blades
 * Level 8.1 Armour
 + Level 7.1 Dodging
 - Level 9.0 Stealth
 * Level 7.0 Shields
 * Level 14.9 Spellcasting
 + Level 11.7 Conjurations
 - Level 0.7 Transmutations
 + Level 2.5 Fire Magic
 - Level 0.7 Ice Magic
 + Level 16.1 Earth Magic
 + Level 1.3 Evocations


You had 4 spell levels left.
You knew the following spells:

 Your Spells              Type           Power      Damage    Failure   Level
a - Sandblast             Erth           100%       2d20      0%          1
b - Passwall              Tmut/Erth      43%        N/A       1%          2
c - Stone Arrow           Conj/Erth      100%       3d13      1%          3
d - Petrify               Tmut/Erth      52%        N/A       2%          4
e - Hailstorm             Conj/Ice       43%        3d10      1%          3
f - Ignite Poison         Fire/Tmut/Pois 21%        N/A       4%          3
g - Irradiate             Conj/Tmut      21%        3d18      4%          5
h - Sticky Flame          Conj/Fire      47%        2d6       1%          4
i - Leda's Unmaking       Conj/Erth      33%        9d6       1%          6
j - Starburst             Conj/Fire      23%        6d8       17%         6
k - Olgreb's Toxic Radia  Pois           16%        N/A       21%         4

Your spell library contained the following spells:

 Spells                   Type           Power      Damage    Failure   Level
 Freezing Cloud           Conj/Ice/Air   17%        6-21      11%         5
 Freeze                   Ice            76%        1d8       1%          1
 Flame Wave               Conj/Fire      47%        2d12      1%          4
 Animate Armour           Summ/Erth      100%       N/A       2%          4
 Leda's Liquefaction      Hex/Erth       25%        N/A       2%          4
 Poisonous Vapours        Pois/Air       32%        N/A       3%          2
 Frozen Ramparts          Ice            38%        1d6       4%          3
 Inner Flame              Hex/Fire       21%        N/A       4%          3
 Sting                    Tmut/Pois      68%        1d6       7%          1
 Wereblood                Tmut           19%        N/A       9%          2
 Ensorcelled Hibernation  Hex/Ice        36%        N/A       10%         2
 Blink                    Tloc           32%        N/A       12%         2
 Lesser Beckoning         Tloc           32%        N/A       12%         2
 Gell's Gravitas          Tloc           16%        N/A       24%         3
 Swiftness                Air            16%        N/A       24%         3
 Teleport Other           Tloc           16%        N/A       24%         3
 Summon Ice Beast         Ice/Summ       18%        N/A       54%         4
 Animate Dead             Necr           16%        N/A       61%         4
 Passage of Golubria      Tloc           16%        N/A       61%         4
 Summon Lightning Spire   Summ/Air       16%        N/A       61%         4
 Lee's Rapid Deconstruct  Erth           36%        3d18*     1%          5
 Lehudib's Crystal Spear  Conj/Erth      33%        10d9      38%         8
 Metabolic Englaciation   Hex/Ice        9%         N/A       88%         5
 Silence                  Hex/Air        8%         N/A       91%         5
 Summon Mana Viper        Hex/Summ       16%        N/A       91%         5
 Haunt                    Necr/Summ      8%         N/A       100%        7
 Monstrous Menagerie      Summ           8%         N/A       100%        7
 Disjunction              Tloc           8%         N/A       100%        8
 Infestation              Necr           8%         N/A       100%        8


Dungeon Overview and Level Annotations

Branches:
Dungeon (15/15)            Temple (1/1) D:5            Lair (5/5) D:8
 Shoals (0/4) Lair:2        Snake (4/4) Lair:3        Slime (0/5) Lair:4
    Orc (2/2) D:9             Elf (0/3) Orc:2        Vaults (0/5) D:13
 Depths (0/4) D:15        Gauntlet (visited)

Altars:
Ashenzari
Cheibriados
Dithmenos
Elyvilon
Fedhas
Gozag
Hepliaklqana
Kikubaaqudgha
Makhleb
Nemelex Xobeh
Okawaru
Qazlal
Ru
Sif Muna
Trog
Uskayaw
Vehumet
Wu Jian
Xom
Yredelemnul
Zin
The Shining One
Jiyva

Shops:
D:4 [   D:14 [   Orc:2 ***(   Snake:2 (   Snake:4 (

Annotations:
D:9 2 runed translucent doors, exclusion: orange crystal statue
Snake:3 2 transporters, Yti Onoa's ghost, adept OpVM


Innate Abilities, Weirdness & Mutations

You are immune to sickness and miasma.
Your stone body is resilient. (AC +12)
You are immune to poison.
Your large and strong wings let you fly.
You resist negative energy. (rN+)
You are resistant to electric shocks. (rElec)
You are resistant to unholy torment.
You are immune to petrification.


Message History

The bolt of dispelling energy hits you!!
* * * LOW HITPOINT WARNING * * *
The quicksilver dragon barely misses you.
You block the quicksilver dragon's attack.
A nagaraja comes into view. It is wielding a +0 whip.
You block the quicksilver dragon's attack.
The quicksilver dragon misses you.
Unknown command.
Unknown command.
Okay, then.
As you read the scroll of fear, it crumbles to dust.
You assume a fearsome visage.
The naga looks frightened!
The salamander tyrant looks frightened!
The salamander tyrant resists with almost no effort.
The salamander tyrant looks frightened!
The nagaraja resists with almost no effort.
The nagaraja looks frightened!
The naga warrior looks frightened!
The quicksilver dragon resists with some effort.
The quicksilver dragon resists with almost no effort.
The nagaraja resists with almost no effort.
The quicksilver dragon bites you but does no damage.
You block the quicksilver dragon's attack.
The nagaraja barely misses you. The nagaraja grabs you.
The nagaraja constricts you. The quicksilver dragon bites you.
* * * LOW HITPOINT WARNING * * *
The quicksilver dragon claws you but does no damage.
The quicksilver dragon breathes dispelling energy at you.
The bolt of dispelling energy misses you.
The nagaraja hits you with a +0 club.
* * * LOW HITPOINT WARNING * * *
The nagaraja constricts you.
Unknown command.
You are confused.
You feel invigorated. The quicksilver dragon bites you!
* * * LOW HITPOINT WARNING * * *
The quicksilver dragon claws you but does no damage.
The quicksilver dragon misses you.
The quicksilver dragon barely misses you.
The nagaraja hits you with a +0 club!
You die...

#.## ####.. ###. ##. #. .#.
.N#. ##. ..N. ..#. #..##
..# #####.## #...## ..#
..#..#...#
#...##N##...N.......
####.##N.N... .......
###..##@N.N...# #...#
#.....#DD######## ##8.# #
#..8.##..## ..###.... #.
##...#....#....#..... #φD##
#...)'.8..'. ..'...⌠.
#D.?.###...#....#....#.....
#8...#..8.##..## .. ##....
#.....#.N####### ##8.#
###..##'......# ####...#


You could see 2 quicksilver dragons, 3 nagarajas, a naga warrior (fleeing), 2
salamander tyrants and a naga (fleeing).

Vanquished Creatures
  Rupert (D:13)
  Aizul (Snake:1)
  Donald (Snake:4)
  3 nagarajas (Snake:4)
  The ghost of Newt the Spear-Bearer, an adept MfGl of Hepliaklqana (D:13)
  The ghost of Imulidwi the Warrior, a journeyman OpFi of Okawaru (D:15)
  A minotaur (Gauntlet)
  Josephine (Orc:2)
  4 vault guards (D:13)
  A hell beast (Gauntlet)
  4 salamander tyrants (Snake:4)
  6 anacondas
  Erolcha (D:13)
  A catoblepas (Lair:5)
  11 hydras
  2 centaur warriors
  9 two-headed ogres
  2 boulder beetles
  12 death yaks
  A deep troll shaman (Lair:5)
  2 tengu warriors (D:13)
  Urug (Lair:3)
  21 naga warriors
  7 naga sharpshooters
  3 orc high priests (Orc:2)
  2 shock serpents (Snake:3)
  Sonja (D:12)
  2 skeletal warriors (D:15)
  Nergalle (Lair:3)
  A fire crab (Gauntlet)
  4 salamander mystics
  3 skysharks
  A sea snake (shapeshifter) (D:13)
  A flayed ghost (D:15)
  2 naga ritualists
  2 lindwurms (Lair:5)
  A necromancer (D:15)
  9 orc knights
  A deep elf pyromancer (D:13)
  An oklob plant (Orc:2)
  5 orc sorcerers (Orc:2)
  2 mana vipers (Snake:1)
  7 cyclopes
  27 ugly things
  3 manticores
  10 elephants (Lair:5)
  A rust devil (Gauntlet)
  7 salamanders
  Maurice (D:9)
  26 black mambas
  6 guardian serpents
  7 cane toads
  14 naga magi
  A torpor snail (Lair:3)
  A freezing wraith (D:15)
  An unseen horror (D:11)
  Maggie (D:9)
  6 rime drakes
  7 komodo dragons
  2 kobold demonologists
  2 efreet
  8 trolls
  3 polar bears
  A hornet (shapeshifter) (D:15)
  A spriggan zombie (D:15)
  9 blink frogs
  An ettin zombie (D:15)
  4 dream sheep (Lair:3)
  9 slime creatures
  6 wyverns
  A shadow (D:11)
  5 wraiths
  2 vampires
  23 yaks
  A ynoxinul (Gauntlet)
  3 fire bats (Gauntlet)
  5 basilisks
  A steam dragon (Lair:3)
  7 vampire mosquitoes
  51 nagas
  Grum (D:8)
  A glowing shapeshifter zombie (D:15)
  10 wargs
  2 acid dragons
  16 water moccasins
  6 ice beasts
  A glowing shapeshifter skeleton (D:15)
  27 orc warriors
  4 black bears
  A sky beast (D:7)
  17 centaurs
  7 ogres
  A phantom (D:5)
  16 wolves
  9 kobold brigands
  11 bullfrogs
  4 scorpions
  2 jellies
  2 gnoll sergeants
  21 killer bees
  2 electric eels (D:5)
  6 howler monkeys
  13 orc priests
  4 hounds
  3 iron imps (Gauntlet)
  3 sleepcaps
  Jessica (D:3)
  Ijyb (D:3)
  Terence (D:2)
  15 orc wizards
  5 iguanas
  6 hell rats (Lair:1)
  8 gnolls
  10 adders
  2 white imps
  2 ufetubi
  2 dart slugs
  62 orcs
  6 ball pythons
  4 bats
  6 endoplasms
  3 giant cockroaches
  14 goblins
  11 hobgoblins
  12 jackals
  18 kobolds
  8 quokkas
  4 frilled lizards
  9 rats
808 creatures vanquished.

Vanquished Creatures (others)
  An orc wizard (Orc:2)
  A quokka (D:7)
  10 spectral weapons
12 creatures vanquished.

Grand Total: 820 creatures vanquished

Notes
Turn   | Place    | Note
-------+----------+-------------------------------------------
     0 | D:1      | bjtr the Gargoyle Earth Elementalist began the quest for
                  | the Orb.
     0 | D:1      | Reached XP level 1. HP: 10/10 MP: 3/3
   140 | D:1      | Reached XP level 2. HP: 15/15 MP: 1/5
   394 | D:1      | Reached skill level 4 in Earth Magic
   484 | D:1      | Reached XP level 3. HP: 19/19 MP: 0/6
   725 | D:1      | Learned a level 2 spell: Passwall
   729 | D:1      | Learned a level 3 spell: Stone Arrow
   868 | D:2      | Identified the +6 dagger "Xuser" {spect, rC+ Str-4 Int+3
                  | Dex+5}
   951 | D:2      | Noticed Terence
   962 | D:2      | Killed Terence
   963 | D:2      | Reached XP level 4. HP: 24/24 MP: 0/8
  1184 | D:2      | Reached skill level 1 in Conjurations
  2194 | D:3      | Noticed Jessica
  2206 | D:3      | Killed Jessica
  2207 | D:3      | Reached XP level 5. HP: 28/28 MP: 9/9
  2335 | D:3      | Reached skill level 1 in Armour
  2335 | D:3      | Reached skill level 5 in Earth Magic
  2410 | D:3      | Identified the +0 leather armour of Unbearable Salvation
                  | {rF+}
  2419 | D:3      | Reached XP level 6. HP: 33/33 MP: 11/11
  2453 | D:3      | Noticed Ijyb
  2462 | D:3      | Killed Ijyb
  2618 | D:3      | Found a shimmering blue altar of Sif Muna.
  2752 | D:3      | Learned a level 4 spell: Petrify
  3078 | D:4      | Reached skill level 1 in Fighting
  3097 | D:4      | Found a shadowy altar of Dithmenos.
  3291 | D:4      | Reached XP level 7. HP: 38/38 MP: 12/12
  3395 | D:4      | Found Fahuazum's Antique Armour Shop.
  3413 | D:4      | Bought a pair of ichor-stained boots for 161 gold pieces
  3413 | D:4      | Identified the +2 pair of boots of Greed {rC+ SInv} (You
                  | bought it in a shop on level 4 of the Dungeon)
  3413 | D:4      | Bought a buckler for 76 gold pieces
  3478 | D:4      | Found a shimmering altar of Xom.
  3598 | D:4      | Found an iron altar of Okawaru.
  3598 | D:4      | Found a hazy altar of Hepliaklqana.
  4001 | D:5      | Entered Level 5 of the Dungeon
  4001 | D:5      | Found a transporter.
  4096 | D:5      | Found a staircase to the Ecumenical Temple.
  4103 | Temple   | Entered the Ecumenical Temple
  4116 | Temple   | Became a worshipper of Vehumet
  4282 | D:5      | Reached skill level 6 in Earth Magic
  4304 | D:5      | Found a broken altar of Ashenzari.
  4453 | D:5      | Reached XP level 8. HP: 44/44 MP: 14/14
  4575 | D:5      | Found a transporter.
  4834 | D:6      | Reached skill level 5 in Spellcasting
  4989 | D:6      | Reached skill level 7 in Earth Magic
  5046 | D:6      | Reached * piety under Vehumet
  5046 | D:6      | Offered knowledge of Foxfire by Vehumet.
  5098 | D:6      | Reached skill level 1 in Shields
  5213 | D:6      | Reached XP level 9. HP: 49/49 MP: 17/17
  5495 | D:7      | Reached skill level 5 in Conjurations
  5577 | D:7      | Found a white marble altar of Elyvilon.
  5640 | D:7      | Noticed a cyclops
  5650 | D:7      | Killed a cyclops
  5651 | D:7      | Reached skill level 5 in Stealth
  5651 | D:7      | Reached skill level 8 in Earth Magic
  5706 | D:7      | Reached ** piety under Vehumet
  5706 | D:7      | Offered knowledge of Shock by Vehumet.
  6098 | D:7      | Reached XP level 10. HP: 56/56 MP: 20/20
  6620 | D:8      | Offered knowledge of Frozen Ramparts by Vehumet.
  6643 | D:8      | Noticed Grum
  6645 | D:8      | Noticed a two-headed ogre
  6708 | D:8      | Found a bloodstained altar of Trog.
  6736 | D:8      | Found an ancient bone altar of Kikubaaqudgha.
  6776 | D:8      | Noticed a kobold demonologist
  6807 | D:8      | Killed a kobold demonologist
  6965 | D:8      | Found a burning altar of Makhleb.
  7022 | D:8      | Killed Grum
  7033 | D:8      | Learned a level 3 spell: Hailstorm
  7043 | D:8      | Found a stormy altar of Qazlal.
  7044 | D:8      | Found a staircase to the Lair.
  7044 | D:8      | Found a blossoming altar of Fedhas.
  7057 | D:8      | Reached skill level 9 in Earth Magic
  7071 | D:8      | Reached *** piety under Vehumet
  7343 | D:8      | Killed a two-headed ogre
  7343 | D:8      | Offered knowledge of Ignite Poison by Vehumet.
  7344 | D:8      | Reached skill level 10 in Earth Magic
  7425 | D:8      | Reached XP level 11. HP: 60/60 MP: 23/23
  7697 | D:4      | Bought a runed helmet for 127 gold pieces
  7800 | D:9      | Found the +10 tower shield of Ignorance {rN+ Int-4}
  7809 | D:9      | Found a runed translucent door.
  7817 | D:9      | Noticed an orange crystal statue
  7963 | D:9      | Found a staircase to the Orcish Mines.
  7970 | D:9      | Noticed Maurice
  7979 | D:9      | Killed Maurice
  8060 | D:9      | Noticed a two-headed ogre
  8068 | D:9      | Killed a two-headed ogre
  8204 | D:9      | Noticed Maggie
  8215 | D:9      | Killed Maggie
  8314 | D:9      | Noticed a two-headed ogre
  8320 | D:9      | Found a snail-covered altar of Cheibriados.
  8322 | D:9      | Killed a two-headed ogre
  8323 | D:9      | Reached skill level 11 in Earth Magic
  8438 | D:9      | Found a runed translucent door.
  8659 | D:10     | Entered Level 10 of the Dungeon
  8744 | D:10     | Found a glowing golden altar of the Shining One.
  9119 | D:10     | Noticed a two-headed ogre
  9128 | D:10     | Killed a two-headed ogre
  9214 | D:10     | Noticed a two-headed ogre
  9223 | D:10     | Killed a two-headed ogre
  9581 | D:10     | Reached **** piety under Vehumet
  9606 | D:10     | Learned a level 3 spell: Ignite Poison
  9612 | D:10     | Learned a level 5 spell: Irradiate
  9744 | D:11     | Offered knowledge of Sticky Flame by Vehumet.
  9756 | D:11     | Learned a level 4 spell: Sticky Flame
 10018 | D:11     | Noticed a cyclops
 10031 | D:11     | Killed a cyclops
 10470 | D:11     | Reached XP level 12. HP: 66/66 MP: 20/25
 10863 | D:12     | Noticed Sonja
 10868 | D:12     | Reached skill level 5 in Dodging
 10878 | D:12     | Killed Sonja
 10879 | D:12     | Reached skill level 10 in Spellcasting
 10886 | D:12     | Noticed a two-headed ogre
 10899 | D:12     | Killed a two-headed ogre
 11122 | D:12     | Identified the +1 dagger of the World {heavy, rPois Str+4
                  | Int-3 Dex+2}
 11151 | D:12     | Noticed a two-headed ogre
 11157 | D:12     | Killed a two-headed ogre
 11201 | D:11     | Reached skill level 12 in Earth Magic
 11847 | D:13     | Found a runed translucent gate.
 11848 | D:13     | Noticed Newt's ghost (adept MfGl)
 11955 | D:13     | Noticed Rupert
 11976 | D:13     | Killed Rupert
 12043 | D:13     | Noticed a tengu warrior
 12063 | D:13     | Noticed a tengu warrior
 12280 | D:13     | Killed a tengu warrior
 12284 | D:13     | Killed a tengu warrior
 12402 | D:13     | Found a gate to the Vaults.
 12402 | D:13     | Noticed a six-headed hydra
 12402 | D:13     | Noticed a vault guard
 12402 | D:13     | Noticed a centaur warrior
 12402 | D:13     | Noticed a vault guard
 12402 | D:13     | Noticed a vault guard
 12402 | D:13     | Noticed a vault guard
 12424 | D:13     | Noticed a seven-headed hydra
 12434 | D:13     | Killed a seven-headed hydra
 12563 | D:13     | Killed a centaur warrior
 12564 | D:13     | Reached XP level 13. HP: 57/72 MP: 24/28
 12670 | D:13     | Noticed Erolcha
 12685 | D:13     | Killed Erolcha
 12685 | D:13     | Reached ***** piety under Vehumet
 12697 | D:13     | Offered knowledge of Leda's Unmaking by Vehumet.
 12701 | D:13     | HP: 2/72 [cyclops/large rock (39)]
 12707 | D:13     | Killed a vault guard
 12708 | D:13     | Reached skill level 5 in Fighting
 12708 | D:13     | Reached skill level 13 in Earth Magic
 12723 | D:13     | Found a runed translucent gate.
 12723 | D:13     | Found a runed translucent gate.
 12933 | D:13     | Killed a vault guard
 12953 | D:13     | Killed a vault guard
 13021 | D:13     | Reached skill level 1 in Fire Magic
 13054 | D:13     | Killed a vault guard
 13565 | D:14     | Reached skill level 5 in Armour
 13628 | D:14     | Reached skill level 10 in Conjurations
 13716 | D:13     | Learned a level 6 spell: Leda's Unmaking
 13959 | D:13     | Killed Newt's ghost
 14051 | D:13     | Identified the +2 pair of gloves of Purpose {rPois rC-
                  | Str+3 Stlth+}
 14247 | D:14     | Found Cibbisam's Armour Boutique.
 14412 | D:13     | Reached skill level 14 in Earth Magic
 14694 | D:14     | Gained mutation: Your large and strong wings let you fly.
                  | [Gargoyle growth]
 14694 | D:14     | Reached XP level 14. HP: 80/80 MP: 30/30
 14990 | D:15     | Entered Level 15 of the Dungeon
 15261 | D:15     | Found a staircase to the Depths.
 15856 | D:15     | Found a runed translucent door.
 15856 | D:15     | Noticed Imulidwi's ghost (journeyman OpFi)
 16503 | D:15     | Found a stormy altar of Qazlal.
 17089 | D:15     | Killed Imulidwi's ghost
 17090 | D:15     | Reached skill level 15 in Earth Magic
 17477 | Lair:1   | Entered Level 1 of the Lair of Beasts
 17662 | Lair:1   | Offered knowledge of Starburst by Vehumet.
 17709 | Lair:1   | Learned a level 6 spell: Starburst
 18281 | Lair:2   | HP: 2/83 [cane toad (7)]
 18388 | Lair:2   | Found a staircase to the Shoals.
 18423 | Lair:2   | Found a gate leading to a gauntlet.
 18446 | Gauntlet | Entered a Gauntlet
 18446 | Gauntlet | Found a transporter.
 18446 | Gauntlet | Found a runed translucent gate.
 18446 | Gauntlet | Found a transporter.
 18641 | Gauntlet | Found a runed translucent gate.
 18646 | Gauntlet | Found a transporter.
 18650 | Gauntlet | Found a runed translucent gate.
 18661 | Gauntlet | Found a transporter.
 18679 | Gauntlet | Found a transporter.
 18679 | Gauntlet | Found a transporter.
 18679 | Gauntlet | Found a transporter.
 18681 | Gauntlet | Found a transporter.
 18681 | Gauntlet | Found a transporter.
 18697 | Gauntlet | Found a transporter.
 18705 | Gauntlet | Found the necklace of Bloodlust {Fury *Rage Will++ Int-3
                  | Slay+6}
 18712 | Gauntlet | Found a runed translucent door.
 18713 | Gauntlet | Found a transporter.
 18715 | Gauntlet | Found a runed translucent door.
 18723 | Gauntlet | Found a transporter.
 18740 | Gauntlet | Found a transporter.
 18758 | Gauntlet | Found a transporter.
 19098 | Gauntlet | Identified the ring of the Good {EV+5 Str+2}
 19188 | Gauntlet | Reached XP level 15. HP: 63/88 MP: 19/32
 19290 | Gauntlet | Reached skill level 1 in Evocations
 19402 | Gauntlet | Identified the +3 demon trident "Ceadon" {antimagic,
                  | Fragile rC+ rCorr}
 19410 | Gauntlet | Reached skill level 5 in Shields
 19420 | Gauntlet | Got the Omnibus of the Singularity
 20112 | Lair:3   | Noticed Urug
 20119 | Lair:3   | Killed Urug
 20120 | Lair:3   | Reached skill level 1 in Short Blades
 20148 | Lair:3   | Noticed Nergalle
 20152 | Lair:3   | Killed Nergalle
 20153 | Lair:3   | Reached skill level 1 in Long Blades
 20436 | Lair:3   | Learned a level 4 spell: Olgreb's Toxic Radiance
 20472 | Lair:3   | Found a staircase to the Snake Pit.
 20762 | Lair:3   | Found a runed translucent door.
 21255 | Lair:4   | Reached skill level 5 in Long Blades
 21777 | Lair:4   | Found a viscous altar of Jiyva.
 21778 | Lair:4   | Found a staircase to the Slime Pits.
 22289 | Lair:5   | Entered Level 5 of the Lair of Beasts
 23264 | Lair:5   | Reached ****** piety under Vehumet
 23266 | Lair:5   | Offered knowledge of Iskenderun's Battlesphere by Vehumet.
 23514 | Lair:5   | Identified the +5 trident of Biblorax {drain, +Blink rElec
                  | rC- rN+++}
 23516 | Lair:5   | Identified the ring of Harmony {Fly rCorr Int-5 Dex+6
                  | Stlth-}
 23562 | Lair:5   | Reached XP level 16. HP: 93/93 MP: 29/33
 24113 | Orc:1    | Entered Level 1 of the Orcish Mines
 24665 | Orc:2    | Entered Level 2 of the Orcish Mines
 24712 | Orc:2    | Reached skill level 10 in Long Blades
 24788 | Orc:2    | Noticed Josephine
 24795 | Orc:2    | Killed Josephine
 25331 | Orc:2    | Found a staircase to the Elven Halls.
 25659 | Orc:2    | Found Itym's Assorted Antiques.
 25659 | Orc:2    | Found Couseo's Antique Weapon Emporium.
 25661 | Orc:2    | Found Alohil's Assorted Antiques.
 25661 | Orc:2    | Found Woweant's General Store.
 25667 | Orc:2    | Bought a scroll labelled QEICHISUKE for 31 gold pieces
 26012 | Snake:1  | Entered Level 1 of the Snake Pit
 26012 | Snake:1  | Noticed Aizul
 26017 | Snake:1  | Killed Aizul
 26481 | Snake:1  | Offered knowledge of Fireball by Vehumet.
 26788 | Snake:1  | Upgraded the game from 0.31-a0-365-gcf821cafb2 to
                  | 0.31-a0-369-g8eba5f6939
 26976 | Snake:1  | Found a basalt altar of Yredelemnul.
 27190 | Snake:2  | Found Beweomiu's Weapon Shoppe.
 28953 | Snake:3  | Found an ornate altar of the Wu Jian Council.
 29267 | Snake:3  | Noticed Yti Onoa's ghost (adept OpVM)
 29282 | Snake:3  | Reached XP level 17. HP: 99/99 MP: 35/35
 29571 | Snake:3  | Found a transporter.
 29604 | Snake:3  | Found a transporter.
 29703 | Snake:3  | Offered knowledge of Freezing Cloud by Vehumet.
 30926 | Snake:4  | Entered Level 4 of the Snake Pit
 30978 | Snake:4  | HP: 5/100 [naga/+0 morningstar (18)]
 31655 | Snake:4  | Reached skill level 16 in Earth Magic
 31735 | Snake:4  | Found an ancient bone altar of Kikubaaqudgha.
 32400 | Snake:4  | Found Tuxkeas's Antique Weapon Boutique.
 32479 | Snake:4  | Noticed Donald
 33446 | Snake:4  | Killed Donald
 33717 | Snake:4  | Noticed a quicksilver dragon
 33717 | Snake:4  | Noticed a quicksilver dragon
 33734 | Snake:4  | HP: 2/100 [quicksilver dragon (11)]
 33734 | Snake:4  | Mangled by a nagaraja

Illustrated notes

Levels and vault maps discovered:
D:1:      ebering_trefoil_3fold, layout_rooms
D:2:      layout_loops_cross, kennysheep_small_spiral, minmay_cut_off,
          uniq_robin, uniq_terence
D:3:      layout_loops_ring, mainiacjoe_overflow_brackets, uniq_ijyb,
          uniq_jessica
D:4:      cheibrodos_greedy_goblins, layout_gridville,
          gammafunk_temple_overflow_wave, nicolae_dithmenos_the_darkroom,
          mainiacjoe_overflow_alcove_4, serial_forest,
          infiniplex_forest_lined_room_2, infiniplex_forest_clump_tiny,
          infiniplex_forest_lined_room_2, infiniplex_forest_corner_2,
          infiniplex_forest_clump_small, infiniplex_forest_split, serial_shops,
          shop_fountains, serial_park_tiny_1
D:5:      gammafunk_steamed_eel, layout_basic, nicolae_ashenzari_panopticon,
          minmay_temple_entry_mist, hangedman_abyss_or_decor_passed
D:6:      layout_basic
D:7:      layout_basic, elyvilon_altar_4, hangedman_minor_gate_pass
D:8:      layout_loops_ring, grunt_temple_overflow_forces_of_nature,
          kiku_gazebo_pond_becter, lemuel_tele_altar,
          makhleb_blood_cavern_becter, hellmonk_lair_entry_icy,
          corexii_leaking_fountain, hangedman_decor_push, uniq_grum
D:9:      layout_loops_ring, kennysheep_mini_moat, minmay_orc_entry_guard_dogs,
          chequers_guarded_unrand_ignorance, uniq_maggie, uniq_maurice
D:10:     layout_stronghold, tso_metal_star
D:11:     layout_stronghold
D:12:     layout_cave_pools, uniq_sonja
D:13:     kennysheep_blocky_hall, layout_rooms,
          lightli_vaults_fourway_checkpoint, biasface_ghost_orc_armoury,
          nrook_guardian_serpent_ordinary, uniq_rupert, uniq_erolcha
D:14:     layout_rooms, serial_shops, nicolae_diamond_shop, minmay_fountain_box
D:15:     gammafunk_depths_entry_grave, layout_basic,
          hellmonk_ghost_happy_afterlife, nicolae_qazlal_general_emergency
Temple:   hellmonk_temple_two_chambers
Lair:1:   layout_loops_ring, beast_lair_carwin_7
Lair:2:   layout_hall_layers, minmay_shoals_entry_centaurs,
          gauntlet_entry_generic, eino_small_chamber_without_monster
Lair:3:   layout_chaotic_city, guppyfry_snake_entry_island, pf_torpor_hydra,
          uniq_urug, uniq_nergalle
Lair:4:   layout_hall_layers, slime_entry_1, infiniplex_staircase_pool_2
Lair:5:   grunt_lair_end_beastmaster, layout_layer_cave, serial_rivers,
          chequers_serial_rivers_micro_e, chequers_serial_rivers_small_3,
          chequers_serial_rivers_small_3, chequers_serial_rivers_micro_b
Snake:1:  layout_onion_interference, basic_altar, uniq_aizul
Snake:2:  layout_basic, minmay_shop_star
Snake:3:  layout_chambers, gammafunk_ghost_arena, basic_altar
Snake:4:  hellmonk_snake_rune_quicksilver_temple, layout_cave_town,
          serial_shops, nicolae_shop_tiny_real_fake_doors, basic_altar,
          serial_bayou_pond_c, uniq_donald
Orc:1:    layout_caves, basic_altar
Orc:2:    grunt_orc_tribal_feast, layout_caves, nicolae_orc_sculptors_studio,
          mines3_lemuel, uniq_josephine

Skill      XL: |  1  2  3  4  5  6  7  8  9 10 11 12 13 14 15 16 17 |
---------------+----------------------------------------------------+-----
Earth Magic    | 4 5 6 7 8 10 11 12 14 15 16 | 16.1
Conjurations   | 1 2 3 4 5 7 8 9 10 11 | 11.7
Spellcasting   | 3 4 5 6 8 9 11 12 13 14 | 14.9
Armour         | 1 2 3 4 5 7 8 |  8.1
Stealth        | 3 4 5 7 8 9 |  9.0
Fighting       | 1 2 3 4 6 8 9 |  9.5
Dodging        | 2 3 4 5 6 7 |  7.1
Shields        | 1 2 3 4 5 7 |  7.0
Fire Magic     | 2 |  2.5
Evocations     | 1 |  1.3
Short Blades   | 1 |  1.4
Long Blades    | 9 11 12 | 12.1
Transmutations | |  0.7
Ice Magic      | |  0.7

Action                     |  1- 3 |  4- 6 |  7- 9 | 10-12 | 13-15 | 16-18 || total
---------------------------+-------+-------+-------+-------+-------+-------++-------
  Melee: Dagger            |    35 |   127 |   327 |   389 |   692 |       ||  1570
         Punch             |       |     1 |       |       |       |       ||     1
         Scimitar          |       |       |       |       |    21 |       ||    21
         Double sword      |       |       |       |       |       |   648 ||   648
  Throw: Javelin           |       |       |       |     3 |       |       ||     3
         Dart              |       |       |       |       |     6 |       ||     6
   Cast: Sandblast         |    40 |    14 |    35 |   126 |    57 |    19 ||   291
         Stone Arrow       |     2 |       |     9 |     2 |    42 |       ||    55
         Passwall          |       |       |     1 |     2 |     2 |     2 ||     7
         Petrify           |       |       |       |    37 |     9 |       ||    46
         Hailstorm         |       |       |       |     1 |     5 |     1 ||     7
         Sticky Flame      |       |       |       |    26 |    32 |     4 ||    62
         Irradiate         |       |       |       |     2 |    21 |    19 ||    42
         Leda's Unmaking   |       |       |       |       |   127 |   164 ||   291
         Ignite Poison     |       |       |       |       |    19 |    15 ||    34
         Olgreb's Toxic Ra |       |       |       |       |    16 |    16 ||    32
         Starburst         |       |       |       |       |     3 |     4 ||     7
  Evoke: Wand              |       |       |       |     6 |     6 |     5 ||    17
         Tin of tremorston |       |       |       |       |     2 |       ||     2
         Lightning rod     |       |       |       |       |     1 |     4 ||     5
    Use: Scroll            |       |     9 |     4 |    15 |    11 |     6 ||    45
         Potion            |       |       |       |     2 |     6 |     7 ||    15
   Stab: Sleeping          |       |     5 |     8 |     9 |    15 |    17 ||    54
         Distracted        |       |     1 |     3 |     2 |    11 |       ||    17
         Petrified         |       |       |       |    29 |     4 |       ||    33
         Petrifying        |       |       |       |     2 |     3 |       ||     5
 Armour: Leather armour    |    20 |    49 |   123 |   123 |       |       ||   315
         Steam dragon scal |       |       |       |    53 |       |       ||    53
         Troll leather arm |       |       |       |   130 |   398 |   373 ||   901
  Dodge: Dodged            |    38 |    66 |   142 |   312 |   556 |   660 ||  1774
  Block: Buckler           |       |       |    45 |   126 |   179 |   149 ||   499
         Tower shield      |       |       |       |       |       |    21 ||    21
         Reflection        |       |       |       |       |       |     2 ||     2
         Kite shield       |       |       |       |       |       |    86 ||    86

Table legend: (Time is in decaauts)
 A = Elapsed time spent in this place.
 B = Non-inter-level travel time spent in this place.
 C = Inter-level travel time spent in this place.
 D = Time resting spent in this place.
 E = Time spent auto-exploring this place.
 F = Levels seen in this place.
 G = Mean time per level.
                   A        B        C        D        E       F      G
               +--------+--------+--------+--------+--------+-----+--------+
         Total |  34011 |  31393 |   2618 |   5535 |  17716 |  28 | 1214.7 |
       Dungeon |  18264 |  16684 |   1580 |   2466 |   9876 |  15 | 1217.6 |
        Temple |     58 |     48 |     10 |      0 |      0 |   1 |   58.0 |
          Lair |   5452 |   4912 |    540 |    752 |   2997 |   5 | 1090.4 |
     Snake Pit |   7404 |   6986 |    418 |   1813 |   3477 |   4 | 1851.0 |
  Orcish Mines |   1796 |   1727 |     69 |    310 |    969 |   2 |  898.0 |
      Gauntlet |   1035 |   1035 |      0 |    193 |    397 |   1 | 1035.0 |
               +--------+--------+--------+--------+--------+-----+--------+

Top non-repeatable levels by time:
 Snake:3: 2469 daAuts
    D:13: 2457 daAuts
 Snake:4: 2220 daAuts
    D:15: 1950 daAuts
  Lair:3: 1532 daAuts
  Lair:5: 1523 daAuts
    D:11: 1489 daAuts
     D:7: 1442 daAuts
 Snake:2: 1377 daAuts
 Snake:1: 1336 daAuts
     D:2: 1256 daAuts
     D:8: 1200 daAuts
   Orc:2: 1080 daAuts
    D:14: 1072 daAuts
Gauntlet: 1035 daAuts
